Map: Dasan Station LE

Players

Gracz

  • Race: Zerg Zerg
  • League: Silver

stephen - Winner!

  • Race: Protoss Protoss

VOD

Have the link to the VOD?

Description

Time

  • Played on: Oct. 1, 2016, 5:33 a.m.
  • Length: 19:09
Show
View Real Time Build Order
Export as new Build Order

Gracz Zerg 

Build Orders: Pool First, Lurkers 

Get SALT Encoding   

  12  0:07  Drone  
  12  0:08  Drone  
  14  0:19  Extractor  
  14  0:20  Drone  
  15  0:25  Overlord  
  15  0:46  Spawning Pool  
  14  0:54  Drone x2  
  14  0:56  Drone  
  17  1:12  Hatchery  
  17  1:14  Drone  
  17  1:34  Spine Crawler  
  17  1:35  Zergling x2  
  17  1:36  Zergling x2  
  18  1:43  Zergling x2  
  18  1:45  Queen  
  19  2:18  Extractor  
  18  2:38  Hatchery  
  18  2:42  Zergling x10  
  22  3:29  Drone x3  
  22  3:30  Drone x2  
  27  3:34  Overlord x2  
  27  4:21  Queen  
  27  4:22  Queen  
  31  4:25  Drone  
  31  4:26  Drone x2  
  34  4:47  Spine Crawler  
  31  5:23  Lair  
  31  5:42  Overlord  
  31  5:43  Overlord  
  31  5:55  Extractor, Drone x5  
  35  5:57  Overlord x3  
  35  6:19  Drone x5  
  35  6:20  Drone x4  
  44  6:57  Extractor  
  44  6:59  Extractor  
  42  7:02  Drone x4  
  46  7:22  Spire  
  46  7:29  Hydralisk Den  
  44  8:03  Lurker Den  
  44  8:06  Hydralisk x6  
  56  8:47  Infestation Pit  
  55  9:10  Hydralisk x5  
  55  9:15  Hatchery  
  64  9:26  Drone x3  
  64  9:27  Drone x7  
  74  9:43  Lurker  
  75  9:46  Overlord x3  
  75  9:50  Hive  
  75  10:04  Overlord x2  
  75  10:06  Extractor  
  74  10:07  Lurker  
  74  10:08  Lurker x2  
  74  10:10  Extractor  
  76  10:34  Drone  
  76  10:35  Drone x6  
  83  11:13  Greater Spire  
  83  11:16  Corruptor x4  
  83  11:17  Corruptor x2  
  95  11:19  Corruptor  
  97  11:29  Lurker  
  97  11:31  Overlord x2  
  98  11:33  Lurker  
  99  11:40  Lurker  
  100  12:00  Lurker x3  
  103  12:05  Lurker  
  104  12:10  Drone x4  
  96  12:52  Hydralisk  
  96  12:53  Hydralisk x15  
  103  13:49  Corruptor  
  103  13:50  Corruptor x6  
  74  15:42  Hydralisk  
  74  15:43  Hydralisk x8  
  92  16:00  Drone  
  92  16:03  Drone  
  94  16:20  Drone  
  94  16:21  Drone x6  
  94  16:23  Queen x3  
  107  16:37  Hydralisk  
  107  16:38  Hydralisk x6  
  121  17:12  Drone x2  
  121  17:13  Drone x4  
  127  17:26  Hydralisk  
  127  17:28  Overlord x3  
  127  17:29  Overlord x2  
  129  17:46  Hydralisk x3  
  129  17:49  Overlord x3  
  98  18:48  Drone x3  
  96  19:02  Spore Crawler  
  71  19:05  Spore Crawler x2  
Show
View Real Time Build Order
Export as new Build Order

stephen Protoss - Winner!

Build Orders:  

Get SALT Encoding   

  12  0:09  Probe (Chrono Boost)  
  13  0:19  Probe (Chrono Boost)  
  14  0:24  Pylon  
  14  0:30  Probe (Chrono Boost)  
  15  0:40  Assimilator  
  15  0:44  Forge  
  15  0:47  Probe (Chrono Boost)  
  16  0:53  Pylon  
  16  1:02  Assimilator  
  16  1:05  Probe (Chrono Boost)  
  17  1:19  Photon Cannon  
  17  1:20  Probe (Chrono Boost)  
  18  1:31  Probe (Chrono Boost)  
  19  1:41  Probe (Chrono Boost)  
  20  1:53  Pylon, Probe (Chrono Boost)  
  21  2:17  Nexus  
  21  2:21  Probe (Chrono Boost)  
  22  2:34  Gateway  
  23  2:37  Probe (Chrono Boost)  
  23  2:49  Photon Cannon  
  23  2:52  Probe (Chrono Boost)  
  24  3:03  Probe (Chrono Boost)  
  25  3:09  Pylon  
  25  3:14  Probe (Chrono Boost)  
  26  3:25  Probe (Chrono Boost)  
  27  3:31  Photon Cannon  
  27  3:32  Photon Cannon  
  27  3:35  Probe (Chrono Boost)  
  27  3:39  Assimilator  
  28  3:44  Assimilator  
  28  3:45  Probe (Chrono Boost)  
  29  3:53  Cybernetics Core  
  29  3:56  Probe (Chrono Boost)  
  30  4:06  Probe (Chrono Boost)  
  30  4:08  Pylon  
  31  4:12  Probe (Chrono Boost)  
  32  4:21  Photon Cannon  
  32  4:22  Probe (Chrono Boost)  
  33  4:24  Probe (Chrono Boost)  
  34  4:33  Probe (Chrono Boost), Photon Cannon  
  34  4:35  Probe (Chrono Boost)  
  36  4:41  Photon Cannon  
  37  4:45  Probe (Chrono Boost)  
  37  4:49  Mothership Core (Chrono Boost)  
  39  4:55  Stargate  
  39  4:56  Stargate, Probe (Chrono Boost)  
  40  5:06  Probe (Chrono Boost)  
  41  5:17  Warp Gate, Probe (Chrono Boost)  
  42  5:28  Probe (Chrono Boost)  
  43  5:29  Nexus  
  43  5:37  Pylon  
  43  5:38  Probe (Chrono Boost)  
  43  5:39  Pylon  
  44  5:45  Pylon  
  44  5:49  Probe (Chrono Boost), Void Ray x2  
  53  5:59  Probe (Chrono Boost)  
  53  6:00  Pylon  
  53  6:02  Pylon  
  54  6:04  Pylon  
  54  6:10  Probe (Chrono Boost)  
  55  6:17  Pylon  
  55  6:19  Protoss Shields Level 1  
  55  6:20  Probe (Chrono Boost)  
  55  6:24  Gateway  
  56  6:30  Twilight Council  
  56  6:34  Fleet Beacon  
  56  6:45  Stargate  
  56  6:48  Stargate  
  56  6:50  Probe (Chrono Boost)  
  57  6:56  Protoss Air Weapons Level 1  
  57  7:01  Assimilator, Probe (Chrono Boost)  
  58  7:05  Assimilator  
  58  7:11  Probe (Chrono Boost)  
  59  7:22  Probe (Chrono Boost)  
  60  7:28  Carrier  
  60  7:29  Carrier  
  72  7:31  Graviton Catapult  
  72  7:33  Probe (Chrono Boost)  
  73  7:44  Dark Shrine  
  73  7:54  Probe (Chrono Boost)  
  74  8:01  Carrier x2  
  74  8:05  Probe (Chrono Boost)  
  87  8:15  Probe (Chrono Boost)  
  88  8:26  Probe (Chrono Boost)  
  89  8:36  Protoss Air Armor Level 1  
  89  8:37  Probe (Chrono Boost)  
  90  8:47  Probe (Chrono Boost)  
  97  8:58  Probe (Chrono Boost)  
  98  9:04  Protoss Shields Level 2  
  98  9:26  Dark Templar x2  
  102  9:35  Phoenix x3  
  102  9:37  Phoenix  
  110  9:39  Anion Pulse-Crystals  
  110  9:45  Pylon x2  
  110  9:47  Pylon  
  110  9:48  Pylon  
  110  10:10  Nexus  
  110  10:12  Protoss Air Weapons Level 2  
  110  10:13  Phoenix x2  
  110  10:14  Phoenix x2  
  118  10:38  Carrier x3  
  136  10:50  Assimilator  
  136  10:54  Assimilator  
  136  10:59  Carrier  
  142  11:58  Robotics Facility  
  142  12:10  Protoss Air Armor Level 2  
  138  13:23  Carrier x3  
  138  13:24  Carrier  
  160  13:39  Observer  
  161  14:00  Observer  
  162  14:16  Protoss Air Armor Level 3  
  162  14:18  Protoss Shields Level 3  
  162  14:22  Observer  
  163  14:43  Observer  
  156  15:04  Observer  
  157  15:26  Observer  
  148  15:47  Observer  
  149  15:50  Phoenix x4  
  149  15:57  Nexus  
  157  15:59  Assimilator  
  157  16:00  Assimilator  
  157  16:08  Observer  
  158  16:15  Phoenix  
  160  16:23  Phoenix x2  
  160  16:24  Phoenix  
  166  16:30  Observer  
  167  16:33  Pylon  
  167  16:35  Pylon  
  167  16:44  Pylon  
  167  16:45  Pylon  
  167  16:47  Pylon  
  167  16:48  Tempest x4  
  167  16:51  Observer  
  184  17:34  Dark Templar x2  
Tags
 
Add a new tag
Caveats
  • Supply blocks, unpowered buildings, or Contaminate may cause inaccurate times.
  • Supply counts are checked every 10 seconds.